 Dungeon Crawl Stone Soup version 0.18-a0-1159-gf481d65 (webtiles) character file.

3590 RedPan the Destroyer (level 9, -22/62 HPs)
             Began as a Green Draconian Conjurer on Jan 24, 2016.
             Was a Believer of Ashenzari.
             Killed from afar by a deep elf mage (37 damage)
             ... with a bolt of lightning
             ... on level 7 of the Dungeon.
             The game lasted 00:33:23 (9549 turns).

RedPan the Destroyer (Green Draconian Conjurer)     Turns: 9549, Time: 00:33:23

Health: -22/62     AC: 10    Str: 10    XL:     9   Next: 85%
Magic:  3/18       EV: 15    Int: 19    God:    Ashenzari [**....]
Gold:   444        SH:  0    Dex: 12    Spells: 3 memorised, 10 levels left

rFire  . . .     SeeInvis .     g - +2 short sword (venom) (curse)
rCold  . . .     Gourm    .     (armour unavailable)
rNeg   . . .     Faith    .     (no shield)
rPois  +         Spirit   .     (helmet restricted)
rElec  .         Dismiss  .     (no cloak)
rCorr  .         Reflect  .     (no gloves)
SustAt .         Harm     .     (no boots)
MR     .....                    (no amulet)
Stlth  ++........               v - +3 ring of protection (curse)
                                d - +3 ring of evasion

@: not resistant to hostile enchantments, unstealthy
A: breathe noxious fumes, unfitting armour, poison resistance, cold-blooded, AC
+7
a: Breathe Noxious Fumes, Scrying, Renounce Religion


You were on level 7 of the Dungeon.
You worshipped Ashenzari.
Ashenzari was pleased with you.
You were not hungry.

You visited 2 branches of the dungeon, and saw 8 of its levels.

You collected 444 gold pieces.

Inventory:

Hand Weapons
 g - a cursed +2 short sword of venom (weapon)
 l - a -2 club
 y - a +3 dagger
Armour
 n - a +0 helmet of intelligence
Jewellery
 d - a +3 ring of evasion (left hand)
 e - an uncursed ring of teleportation
 v - a cursed +3 ring of protection (right hand)
Wands
 r - a wand of cold (5/15)
 x - a wand of frost (25/48)
 A - a wand of disintegration (12/24)
 E - a wand of magic darts (26/48)
Scrolls
 c - 9 scrolls of identify
 f - 6 scrolls of curse armour
 j - a scroll of random uselessness
 k - a scroll of enchant armour {unknown}
 q - a scroll of immolation
 w - 4 scrolls of curse weapon
 C - a scroll of enchant weapon
 D - a scroll of torment {unknown}
 F - a scroll of teleportation
 G - 2 scrolls of magic mapping {unknown}
Potions
 h - 2 potions of curing
 m - a potion of resistance
 p - 2 potions of agility
 s - 2 potions of magic
 t - a potion of heal wounds
 z - 2 potions of flight
Books
 a - a book of Conjurations

   Spells                             Type                      Level
   a - Magic Dart                     Conjuration                  1
   b - Searing Ray                    Conjuration                  2
   c - Dazzling Spray                 Conjuration/Hexes            3
   d - Fulminant Prism                Conjuration/Hexes            4
   e - Iskenderun's Mystic Blast      Conjuration                  4
   f - Iskenderun's Battlesphere      Conjuration/Charms           5
 u - a book of Spatial Translocations

   Spells                             Type                      Level
   a - Apportation                    Translocation                1
   b - Blink                          Translocation                2
   c - Shroud of Golubria             Charms/Translocation         2
   d - Portal Projectile              Translocation                3
   e - Teleport Other                 Translocation                3
   f - Passage of Golubria            Translocation                4
Comestibles
 b - 6 bread rations
 i - 7 meat rations
 B - 2 chunks of flesh


   Skills:
 - Level 1.7 Dodging
 - Level 1.7 Stealth
 - Level 6.0 Spellcasting
 * Level 12.9 Conjurations


You had 10 spell levels left.
You knew the following spells:

 Your Spells              Type           Power        Failure   Level  Hunger
a - Magic Dart            Conj           ####         1%          1    None
b - Iskenderun's Mystic   Conj           ######..     1%          4    ####...
c - Iskenderun's Battles  Conj/Chrm      ####....     28%         5    #####..


Dungeon Overview and Level Annotations

Branches:
Dungeon (7/15)             Temple (1/1) D:7

Altars:
Ashenzari
Cheibriados
Dithmenos
Elyvilon
Gozag
Kikubaaqudgha
Nemelex Xobeh
Okawaru
Pakellas
Qazlal
Ru
Sif Muna
Trog
Xom
Yredelemnul
Zin
The Shining One

Shops:
D:6 }

Annotations:
D:4 exclusions: orc and orc priest


Innate Abilities, Weirdness & Mutations

You can breathe blasts of noxious fumes.
Your lurid green scales are hard (AC +7).
Your body does not fit into most forms of armour.
Your system is resistant to poisons.
You are cold-blooded and may be slowed by cold attacks.


Message History

Your battlesphere fires!
The deep elf mage points at you and mumbles some strange words.
The bolt of lightning hits you!
* * * LOW HITPOINT WARNING * * *
The bolt of lightning hits your battlesphere.
Your battlesphere completely resists.
Casting: Magic Dart
Confirm with . or Enter, or press ? or * to list all spells.
Aiming: Iskenderun's Mystic Blast
Press: ? - help, Shift-Dir - straight line, f - deep elf mage
Aim: a deep elf mage, wielding a long sword (moderately wounded)
The orb of energy hits the deep elf mage.
The deep elf mage is heavily wounded.
Your battlesphere fires!
The barrage of energy hits the deep elf mage.
The deep elf mage is severely wounded.
The deep elf mage casts a spell at you. The bolt of lightning hits you!
Ouch! That really hurt!
You die...

, ..........[...#
, ,
,.............#
,.............#
*#*##..###.######
, #.##..###.#,..#
.......#..#,e.#
.......#..#,..#
.......'..##†###
.......#...@.*.#
,
.......#....8..#
*#########......#
#....### ######


You could see a deep elf mage and a friendly battlesphere.

Vanquished Creatures
  Grinder (D:6)
  Prince Ribbit (D:7)
  A wraith (D:7)
  A water moccasin (D:6)
  An orc warrior (D:6)
  A wasp (D:6)
  A black bear (D:7)
  3 necrophages (D:7)
  2 ogres
  3 centaurs
  A big kobold (D:7)
  An elf zombie (D:7)
  Blork the orc (D:5)
  2 giant frogs
  A gnoll sergeant (D:7)
  A scorpion (D:6)
  3 wights (D:6)
  A centaur zombie (D:6)
  A crimson imp (D:7)
  A quasit (D:6)
  3 human zombies (D:7)
  A centaur skeleton (D:4)
  7 hounds
  5 orc priests
  A giant frog skeleton (D:6)
  A jelly (D:5)
  Ijyb (D:4)
  2 iguanas
  5 worker ants
  8 orc wizards
  A hound zombie (D:7)
  A hound skeleton (D:7)
  A mummy (D:7)
  Robin (D:2)
  5 gnolls
  14 adders
  A shadow imp (D:6)
  3 adder skeletons
  4 worms
  5 giant geckos
  28 orcs
  2 ball pythons
  5 giant cockroaches
  20 goblins
  9 hobgoblins
  9 jackals
  9 kobolds
  3 quokkas
  9 bats
  11 giant newts
  3 orc zombies (D:7)
  6 rats
212 creatures vanquished.

Notes
Turn   | Place    | Note
--------------------------------------------------------------
     0 | D:1      | RedPan the Draconian Conjurer began the quest for the Orb.
     0 | D:1      | Reached XP level 1. HP: 14/14 MP: 3/3
   298 | D:1      | Reached XP level 2. HP: 20/20 MP: 5/5
   917 | D:2      | Found a shattered altar of Ashenzari.
   928 | D:2      | Became a worshipper of Ashenzari the Shackled
   982 | D:2      | Noticed Robin
  1011 | D:2      | Killed Robin
  1011 | D:2      | Reached XP level 3. HP: 15/26 MP: 1/6
  1269 | D:2      | Found a stormy altar of Qazlal.
  1325 | D:2      | Reached skill level 5 in Conjurations
  1909 | D:2      | Reached XP level 4. HP: 20/33 MP: 3/8
  2603 | D:3      | Noticed a giant frog
  2608 | D:3      | Killed a giant frog
  2608 | D:3      | Reached XP level 5. HP: 38/38 MP: 2/10
  2798 | D:3      | Reached skill level 6 in Conjurations
  3091 | D:3      | Reached XP level 6. HP: 21/45 MP: 0/11
  3665 | D:4      | Found a snail-covered altar of Cheibriados.
  3665 | D:4      | Found a shadowy altar of Dithmenos.
  3671 | D:4      | Learned a level 4 spell: Iskenderun's Mystic Blast
  4080 | D:4      | Reached skill level 7 in Conjurations
  4128 | D:4      | Reached XP level 7. HP: 38/50 MP: 4/13
  4128 | D:4      | Your scales start taking on a lurid green colour.
  4128 | D:4      | Gained mutation: Your system is resistant to poisons. [Green Draconian growth]
  4428 | D:4      | Reached * piety under Ashenzari
  4925 | D:4      | Noticed Ijyb
  4957 | D:4      | Killed Ijyb
  5182 | D:5      | Entered Level 5 of the Dungeon
  5194 | D:5      | Noticed Blork the orc
  5202 | D:5      | Killed Blork the orc
  5915 | D:6      | Reached skill level 5 in Spellcasting
  5924 | D:6      | Reached skill level 8 in Conjurations
  6249 | D:6      | Reached XP level 8. HP: 57/57 MP: 6/16
  6696 | D:6      | Reached skill level 9 in Conjurations
  6808 | D:6      | Found Uvoc's Gadget Shop.
  6960 | D:6      | Noticed Grinder
  6968 | D:6      | Killed Grinder
  7055 | D:6      | Reached skill level 10 in Conjurations
  7624 | D:6      | Reached XP level 9. HP: 60/62 MP: 18/18
  7767 | D:6      | Reached skill level 11 in Conjurations
  8105 | D:7      | Noticed Prince Ribbit
  8248 | D:7      | Found a staircase to the Ecumenical Temple.
  8257 | Temple   | Entered the Ecumenical Temple
  8411 | D:7      | Found an oddly glowing altar of Pakellas.
  8411 | D:7      | Found an ancient bone altar of Kikubaaqudgha.
  8425 | D:7      | Found a glowing golden altar of the Shining One.
  8466 | D:7      | Learned a level 5 spell: Iskenderun's Battlesphere
  8691 | D:7      | Reached skill level 12 in Conjurations
  9027 | D:7      | Found a basalt altar of Yredelemnul.
  9280 | D:7      | Found a deep blue altar of Sif Muna.
  9282 | D:7      | Reached ** piety under Ashenzari
  9383 | D:7      | Killed Prince Ribbit
  9544 | D:7      | Found a glowing silver altar of Zin.
  9544 | D:7      | Noticed a deep elf mage
  9549 | D:7      | Killed from afar by a deep elf mage

Vault maps used:
D:1:      dpeg_arrival_houses_and_road
D:2:      nicolae_overflow_crystal_walls, old_standard_altar, uniq_robin
D:3:      first_bread, cheibrodos_gnoll_hut
D:4:      kennysheep_goblin_castle, minitemple
D:5:      uniq_blork_the_orc
D:6:      serial_shops, shop, uniq_grinder
D:7:      led_sif_book, lemuel_mausoleum_altar_yredelemnul,
          gammafunk_temple_overflow_claw, temple_statues,
          david_defended_altar_elf, uniq_prince_ribbit1
Temple:   nicolae_temple_great_sept

Action                   |  1- 3 |  4- 6 |  7- 9 || total
-------------------------+-------+-------+-------++-------
Melee: Unarmed           |    46 |       |       ||    46
       Short sword       |    39 |    27 |   346 ||   412
       Whip              |     6 |       |       ||     6
       Dagger            |     4 |       |       ||     4
       Club              |    31 |    47 |       ||    78
 Cast: Magic Dart        |    39 |   131 |   146 ||   316
       Iskenderun's Myst |       |       |    45 ||    45
       Iskenderun's Batt |       |       |     5 ||     5
  Use: Scroll            |     4 |     5 |     3 ||    12
       Potion            |     1 |     2 |     4 ||     7
 Stab: Sleeping          |     1 |     1 |     2 ||     4
  Eat: Chunk             |     4 |     7 |    18 ||    29
       Fruit             |       |       |     3 ||     3
       Meat ration       |       |       |     1 ||     1
